 Dungeon Crawl Stone Soup version 0.23-a0-899-gbbae0a3 (webtiles) character file.

Game seed: 1916114165088867339

198 Blackhawk the Conjurer (level 5, -2/38 HPs)
             Began as a Draconian Conjurer on Jan 29, 2019.
             Slain by an iguana (7 damage)
             ... on level 4 of the Dungeon.
             The game lasted 00:09:46 (3877 turns).

Blackhawk the Conjurer (Draconian Conjurer)         Turns: 3877, Time: 00:09:47

Health: -2/38      AC:  6    Str: 10    XL:     5   Next: 47%
Magic:  1/10       EV: 13    Int: 17    God:
Gold:   156        SH:  0    Dex: 11    Spells: 9/10 levels left

rFire    x . .     SeeInvis .   c - +0 dagger
rCold    + . .     Gourm    .   (no shield)
rNeg     . . .     Faith    .   (armour unavailable)
rPois    .         Spirit   .   (helmet restricted)
rElec    .         Reflect  .   (no cloak)
rCorr    .         Harm     .   (no gloves)
MR       .....                  a - +0 pair of boots
Stlth    ++........             (no amulet)
HPRegen  0.12/turn              i - ring of ice
MPRegen  0.12/turn              (no ring)

@: very slightly contaminated
A: unfitting armour, cold-blooded, AC +5
a: no special abilities


You were on level 4 of the Dungeon.
You were not hungry.

You visited 1 branch of the dungeon, and saw 4 of its levels.

You collected 156 gold pieces.

Inventory:

Hand Weapons
 c - a +0 dagger (weapon)
 h - a +2 dagger of distortion
Armour
 a - a +0 pair of boots (worn)
Jewellery
 i - a ring of ice (left hand)
 p - a +4 ring of evasion {unknown}
Scrolls
 d - a scroll of immolation {unknown}
 f - 2 scrolls of teleportation {unknown}
 j - 3 scrolls of identify {unknown}
 k - a scroll of remove curse {unknown}
 m - a scroll of fog {unknown}
Potions
 e - 3 potions of curing {unknown}
 g - 2 potions of agility {unknown}
 l - a potion of magic {unknown}
 o - a potion of degeneration {unknown}
Comestibles
 b - 7 rations


   Skills:
 + Level 3.2 Dodging
 - Level 2.4 Stealth
 + Level 3.3 Spellcasting
 + Level 4.9 Conjurations


You had 9 spell levels left.
You knew the following spells:

 Your Spells              Type           Power        Failure   Level  Hunger
a - Magic Dart            Conj           ###.         2%          1    None

Your spell library contained the following spells:

 Spells                   Type           Power        Failure   Level  Hunger
 Searing Ray              Conj           ###...       3%          2    ##.....
 Dazzling Spray           Conj/Hex       ##....       19%         3    ###....
 Iskenderun's Mystic Bla  Conj           ###.....     22%         4    ####...
 Force Lance              Conj/Tloc      ##......     52%         4    ####...
 Fulminant Prism          Conj/Hex       ##........   52%         4    ####...


Dungeon Overview and Level Annotations

Branches:
Dungeon (4/15)
 Temple: D:4-7

Altars:
Makhleb
Okawaru
Qazlal
Zin

Shops:
D:4 }

Portals:
Ossuary: D:4


Innate Abilities, Weirdness & Mutations

Your plain brown scales are hard. (AC +5)
You cannot fit into any form of body armour.
You are cold-blooded and may be slowed by cold attacks.


Message History

Confirm with . or Enter, or press ? or * to list all spells.
Aiming: Magic Dart (safe; 2% risk of failure)
Press: ? - help, Shift-Dir - straight line, f/p - iguana
Aim: an iguana (heavily wounded)
The magic dart hits the iguana.
The iguana is severely wounded.
The iguana bites you!
Casting: Magic Dart (safe; 2% risk of failure)
Confirm with . or Enter, or press ? or * to list all spells.
Aiming: Magic Dart (safe; 2% risk of failure)
Press: ? - help, Shift-Dir - straight line, f/p - iguana
Aim: an iguana (severely wounded)
You miscast Magic Dart.
You are very lightly contaminated with residual magic.
Nothing appears to happen.
The iguana bites you!
* * * LOW HITPOINT WARNING * * *
You closely miss the iguana.
Your tail-slap misses the iguana.
The iguana is severely wounded.
The iguana bites you!
You die...

.........####.#
#..#....).....#
#..#.###.###### #..#.#
#.# #[.#.# #.# ...#.#
#.# ##.#.# #.#
#.#.###.## ###
##........# ##@#
.....###..#####.#l......
####.......[...###.####.
####.####.#####.# ...
..##.# #.# #.# ###
...>.# #.# ## #.##.# #.#
#.##.# #.# .....# #.#


You could see an iguana.

Vanquished Creatures
  2 hounds
  An orc priest (D:4)
  3 adders (D:3)
  A worm (D:3)
  A dart slug (D:1)
  4 leopard geckos
  6 orcs
  5 giant cockroaches
  8 goblins
  3 hobgoblins
  5 jackals (D:1)
  8 kobolds
  3 ball pythons
  8 bats (D:1)
  3 frilled lizards
  8 rats
69 creatures vanquished.

Notes
Turn   | Place    | Note
-------+----------+-------------------------------------------
     0 | D:1      | Blackhawk the Draconian Conjurer began the quest for the
                  | Orb.
     0 | D:1      | Reached XP level 1. HP: 14/14 MP: 3/3
   450 | D:1      | Reached XP level 2. HP: 20/20 MP: 1/5
   979 | D:1      | Reached XP level 3. HP: 26/26 MP: 4/6
  1804 | D:2      | Found an iron altar of Okawaru.
  1950 | D:2      | Found a burning altar of Makhleb.
  1960 | D:2      | Reached XP level 4. HP: 20/33 MP: 0/8
  2665 | D:2      | Found a glowing silver altar of Zin.
  3588 | D:3      | Reached XP level 5. HP: 34/38 MP: 3/9
  3698 | D:4      | Found a stormy altar of Qazlal.
  3700 | D:4      | Noticed an ogre
  3800 | D:4      | Found Nithre Rats's Gadget Shop.
  3816 | D:4      | Found a sand-covered staircase.
  3877 | D:4      | Slain by an iguana

Vault maps used:
D:1:      sevenhm_arrival_forest_fort_large_1
D:2:      okawaru_gym_becter, nicolae_overflow_hidden_temple,
          makhleb_blood_cavern_becter
D:4:      kennysheep_mini_moat, grunt_qazlal_clouds,
          minmay_temple_entry_statues_pillars,
          nicolae_ossuary_entry_false_entrances, serial_shops, shop_statue,
          minmay_ruptured

Skill      XL: |  1  2  3  4 |
---------------+-------------+-----
Stealth        | 2 |  2.4
Dodging        | 2 3 |  3.2
Spellcasting   | 3 |  3.3
Conjurations   | |  4.9

Action                   |  1- 3 |  4- 6 || total
-------------------------+-------+-------++-------
Melee: Dagger            |    50 |     6 ||    56
       Tailslap          |     5 |       ||     5
 Cast: Magic Dart        |    84 |    86 ||   170
  Eat: Chunk             |     4 |     6 ||    10
Armor: Skin              |    22 |     2 ||    24
Dodge: Dodged            |    39 |    11 ||    50

Table legend:
 A = Non-vault XP
 B = Vault XP
 C = Vault XP percentage of total XP
 D = Non-vault monster count
 E = Vault monster count
 F = Vault count percentage of total count
                 A         B        C        D         E       F
            +---------+---------+-------+---------+---------+-------
      Total |     240 |      44 |  15.5 |      66 |       3 |   4.3
            +---------+---------+-------+---------+---------+-------
        D:1 |      55 |       2 |   3.5 |      30 |       2 |   6.2
        D:2 |      37 |      42 |  53.2 |      19 |       1 |   5.0
        D:3 |      98 |       0 |   0.0 |      13 |       0 |   0.0
        D:4 |      50 |       0 |   0.0 |       4 |       0 |   0.0
            +---------+---------+-------+---------+---------+-------
